 Dungeon Crawl Stone Soup version 0.31-a0-188-g5e087ee2ca (webtiles) character file.

Game seed: 10820658669873520162

244 qw the Skirmisher (level 5, -1/30 HPs)
             Began as a Deep Elf Hunter on June 23, 2023.
             Succumbed to a kobold brigand's curare-tipped dart
             ... in a sewer.
             The game lasted 00:01:00 (2850 turns).

qw the Skirmisher (Deep Elf Hunter)                 Turns: 2850, Time: 00:01:01

Health: -1/30      AC:  6    Str: 10    XL:     5   Next: 83%
Magic:  7/7        EV: 11    Int: 14    God:
Gold:   163        SH:  0    Dex: 18    Spells: 4/4 levels left

rFire   . . .        Y - +0 orcbow
rCold   . . .        (shield currently unavailable)
rNeg    . . .        e - +0 ring mail
rPois   .            k - +0 helmet
rElec   .            (no cloak)
rCorr   .            (no gloves)
SInv    .            (no boots)
Will    .....        (no amulet)
Stlth   +            (no ring)
HPRegen 0.25/turn    (no ring)
MPRegen 0.10/turn

%: no passive effects
@: lethally poisoned (-1 -> -9), about to teleport, slowed, very slow
A: no striking features
a: no special abilities


You were in a sewer.
You visited 1 branch of the dungeon, and saw 4 of its levels.
You also visited: Sewer.

You collected 163 gold pieces.


   Skills:
 - Level 2.0 Fighting
 + Level 9.2 Ranged Weapons
 - Level 2.4 Dodging
 - Level 1.2 Stealth


You had 4 spell levels left.
You didn't know any spells.
Your spell library was empty.

Inventory:

Hand Weapons
 Y - a +0 orcbow (weapon)
Armour
 e - a +0 ring mail (worn)
 k - a +0 helmet (worn)
Jewellery
 c - a ring of fire
Scrolls
 i - a scroll of identify
Potions
 b - a potion of mutation {unknown}
 g - a potion of enlightenment {unknown}
 h - a potion of lignification {unknown}

Dungeon Overview and Level Annotations

Branches:
Dungeon (4/15)             Temple (0/1) D:4           Sewer (1/1)

Altars:
Sif Muna
Trog
Uskayaw


Message History

The arrow hits the jackal!
You kill the jackal!
You shoot an arrow. The arrow hits the kobold brigand.
The kobold brigand is lightly wounded.
You shoot an arrow.
The arrow closely misses the kobold brigand.
The arrow hits the kobold!
You kill the kobold!
You shoot an arrow.
The arrow closely misses the kobold brigand.
A kobold brigand comes into view.
It is wielding a +0 club and quivering poisoned darts.
You shoot an arrow.
The arrow closely misses the kobold brigand.
The kobold brigand throws a curare-tipped dart.
The curare-tipped dart barely misses you.
You shoot an arrow. The arrow hits the kobold brigand!
The kobold brigand is moderately wounded.
The kobold brigand throws a curare-tipped dart.
The curare-tipped dart hits you.
You are poisoned.
You have difficulty breathing.
You feel yourself slow down.
You shoot an arrow.
The arrow hits the kobold brigand but does no damage.
The kobold brigand is moderately wounded.
You feel very sick.
The kobold brigand throws a curare-tipped dart.
The curare-tipped dart hits you.
You are more poisoned.
You have difficulty breathing.
You feel as though you will be slow longer.
You shoot an arrow. The arrow hits the kobold.
The kobold is moderately wounded.
You feel very sick.
2849 ||| READING scroll of teleportation.
As you read the scroll of teleportation, it crumbles to dust.
You feel strangely unstable.
You feel very sick.
You shoot an arrow. The arrow hits the kobold brigand!
The kobold brigand is severely wounded.
You die...

### ############ #\#
#..~~~...~.###.###
#..~~~~~~~.......######
)#.~~~~~~~~~~~~~~~~~~~~#
..~~~~~~~~~~~~~~~~~~~~~~
#.~~~~~~~~~~~~~~~~~~~~~
#~~KK~%.~~~~.....######
#..~K.@.~~~#######
#########~## #~# #~# #~#
#~# #~# #~# #~#


You could see 2 kobold brigands and a kobold.

Vanquished Creatures
  2 orc wizards (D:3)
  7 gnolls
  4 adders
  A white imp (D:3)
  4 dart slugs
  4 orcs (D:3)
  3 bats
  5 endoplasms
  7 giant cockroaches
  3 goblins
  4 hobgoblins
  5 jackals
  A quokka (D:1)
  6 ball pythons
  2 frilled lizards (D:2)
  9 kobolds
  12 rats
79 creatures vanquished.

Notes
Turn   | Place    | Note
-------+----------+-------------------------------------------
     0 | D:1      | qw the Deep Elf Hunter began the quest for the Orb.
     0 | D:1      | Reached XP level 1. HP: 12/12 MP: 3/3
     0 | D:1      | 0 ||| qw: Version: 0.3-a-9-g12657ce
     0 | D:1      | 0 ||| qw: Game counter: 4385
     0 | D:1      | 0 ||| qw: Always use a shield: true
     0 | D:1      | 0 ||| qw: God list: Okawaru
     0 | D:1      | 0 ||| qw: Allow faded altars: false
     0 | D:1      | 0 ||| qw: Do Orc after D:15 true
     0 | D:1      | 0 ||| qw: Do second Lair branch before Depths: true
     0 | D:1      | 0 ||| qw: Lair rune preference: random
     0 | D:1      | 0 ||| qw: Plans: Normal
     0 | D:1      | 0 ||| PLANNING D:1-11
    74 | D:1      | Reached XP level 2. HP: 16/16 MP: 4/4
    86 | D:1      | Reached skill level 6 in Ranged Weapons
   197 | D:1      | 197 ||| Stepping ~*~*~tactically~*~*~ (outnumbered).
   199 | D:1      | 199 ||| Stepping ~*~*~tactically~*~*~ (outnumbered).
   201 | D:1      | 201 ||| Stepping ~*~*~tactically~*~*~ (outnumbered).
   203 | D:1      | 203 ||| Stepping ~*~*~tactically~*~*~ (outnumbered).
   654 | D:1      | Reached XP level 3. HP: 20/20 MP: 5/5
   763 | D:1      | 763 ||| READING scroll labelled COOGET BOMA.
   767 | D:1      | 767 ||| READING scroll labelled RETTYESUUR.
   768 | D:1      | 768 ||| READING 2 scrolls labelled WUOTHAZXOBRA.
   769 | D:1      | 769 ||| DRINKING 2 fizzy puce potions.
   770 | D:1      | 770 ||| DROPPING scroll of butterflies.
   814 | D:2      | Identified the +3 mace of the Realm of Zot {heavy, Dex+2}
   884 | D:2      | HP: 5/20 [poisoned by an adder]
  1026 | D:2      | Reached skill level 7 in Ranged Weapons
  1069 | D:2      | 1069 ||| SWAPPING to +0 orcbow.
  1070 | D:2      | 1070 ||| DROPPING +1 shortbow.
  1409 | D:2      | Found a faded altar of an unknown god.
  1433 | D:2      | 1433 ||| UPGRADING to +0 ring mail.
  1443 | D:2      | 1443 ||| DROPPING +0 leather armour.
  1444 | D:2      | 1444 ||| UPGRADING to +0 helmet.
  1561 | D:3      | Found a hide-covered altar of Uskayaw.
  1564 | D:3      | Reached XP level 4. HP: 25/25 MP: 6/6
  1604 | D:3      | Reached skill level 8 in Ranged Weapons
  1850 | D:3      | Reached XP level 5. HP: 29/29 MP: 7/7
  1955 | D:3      | 1955 ||| FLEEEEING.
  1956 | D:3      | 1956 ||| FLEEEEING.
  1957 | D:3      | 1957 ||| FLEEEEING.
  1958 | D:3      | 1958 ||| FLEEEEING.
  1959 | D:3      | 1959 ||| FLEEEEING.
  1960 | D:3      | 1960 ||| FLEEEEING.
  1961 | D:3      | 1961 ||| FLEEEEING.
  1962 | D:3      | 1962 ||| FLEEEEING.
  1963 | D:3      | 1963 ||| FLEEEEING.
  1964 | D:3      | 1964 ||| FLEEEEING.
  1976 | D:3      | 1976 ||| FLEEEEING.
  1977 | D:3      | 1977 ||| FLEEEEING.
  2063 | D:3      | Found a bloodstained altar of Trog.
  2077 | D:3      | Reached skill level 9 in Ranged Weapons
  2156 | D:3      | Found a shimmering blue altar of Sif Muna.
  2419 | D:3      | 2419 ||| READING scroll labelled JOIJIE MENOAPS.
  2464 | D:4      | 2464 ||| PLANNING SEWER
  2503 | D:4      | Found a staircase to the Ecumenical Temple.
  2726 | D:4      | Found a glowing drain.
  2727 | D:4      | 2727 ||| DRINKING 3 black potions.
  2728 | D:4      | 2728 ||| DRINKING potion of curing.
  2728 | D:4      | 2728 ||| (to cure confusion)
  2729 | D:4      | 2729 ||| DROPPING 2 potions of ambrosia.
  2735 | Sewer    | Entered a sewer
  2789 | Sewer    | 2789 ||| Stepping ~*~*~tactically~*~*~ (water).
  2848 | Sewer    | HP: 5/30 [poisoned by a kobold brigand (curare-tipped
                  | dart)]
  2849 | Sewer    | 2849 ||| READING scroll of teleportation.
  2849 | Sewer    | HP: 1/30 [poisoned by a kobold brigand (curare-tipped
                  | dart)]
  2850 | Sewer    | Succumbed to a kobold brigand's curare-tipped dart

Levels and vault maps discovered:
D:1:      psy_arrival_whirlpool, layout_basic, chequers_serial_rivers_micro_b
D:2:      layout_loops_ring, shapermc_ecumenical_altar_mp_vishouse
D:3:      layout_basic, nzn_overflow_gifts_of_might_and_magic,
          lemuel_round_altar, serial_forest, infiniplex_forest_corner_1,
          infiniplex_forest_lined_ring, infiniplex_forest_clump_small,
          infiniplex_forest_end_double, minmay_liquid_box, grunt_decor_clamped
D:4:      layout_rooms, nicolae_vehumet_radiance, minmay_temple_entry_arrows,
          portal_sewer_entry_e
Sewer:    sewer_kobolds

Skill      XL: |  1  2  3  4  5 |
---------------+----------------+-----
Ranged Weapons | 6 7 8 9 |  9.2
Fighting       | 2 |  2.0
Dodging        | |  2.4
Stealth        | |  1.2

Action                     |  1- 3 |  4- 6 || total
---------------------------+-------+-------++-------
   Fire: Shortbow          |    72 |       ||    72
         Orcbow            |    30 |   117 ||   147
    Use: Scroll            |     3 |     2 ||     5
         Potion            |     1 |     2 ||     3
 Armour: Leather armour    |     3 |       ||     3
         Ring mail         |       |    29 ||    29
  Dodge: Dodged            |    10 |    33 ||    43

Table legend:
 A = Non-vault XP
 B = Vault XP
 C = Vault XP percentage of total XP
 D = Non-vault monster count
 E = Vault monster count
 F = Vault count percentage of total count
                 A         B        C        D         E       F
            +---------+---------+-------+---------+---------+-------
      Total |     312 |      37 |  10.6 |      68 |      11 |  13.9
            +---------+---------+-------+---------+---------+-------
        D:1 |      41 |       0 |   0.0 |      21 |       0 |   0.0
        D:2 |      49 |       0 |   0.0 |      18 |       0 |   0.0
        D:3 |     161 |      25 |  13.4 |      22 |       2 |   8.3
        D:4 |      61 |       0 |   0.0 |       7 |       0 |   0.0
      Sewer |       0 |      12 | 100.0 |       0 |       9 | 100.0
            +---------+---------+-------+---------+---------+-------
